 Dungeon Crawl Stone Soup version 0.30-a0-808-g6e0788376e (webtiles) character file.

Game seed: 11066373093500648905

43 Airmonger the Chopper (level 3, -5/29 HPs)
             Began as a Demonspawn Fighter on Feb 26, 2023.
             Slain by a black bear (7 damage)
             ... on level 2 of the Dungeon.
             The game lasted 00:01:50 (997 turns).

Airmonger the Chopper (Demonspawn Fighter)           Turns: 997, Time: 00:01:51

Health: -5/29      AC:  6    Str: 18    XL:     3   Next: 37%
Magic:  3/3        EV:  9    Int:  9    God:
Gold:   76         SH:  4    Dex: 12    Spells: 2/2 levels left

rFire   . . .      SeeInvis .    a - +0 war axe
rCold   . . .      Faith    .    c - +0 buckler
rNeg    . . .      Spirit   .    b - +0 scale mail
rPois   .          Reflect  .    (no helmet)
rElec   .          Harm     .    (no cloak)
rCorr   .          Rampage  .    (no gloves)
Will    .....                    (no boots) Stlth
                                 (no amulet)
HPRegen 0.24/turn                (no ring)
MPRegen 0.08/turn                (no ring)

@: no status effects
A: spiny 2
a: no special abilities


You were on level 2 of the Dungeon.
You visited 1 branch of the dungeon, and saw 2 of its levels.

You collected 76 gold pieces.

Inventory:

Hand Weapons
 a - a +0 war axe (weapon)
Missiles
 j - 2 throwing nets (quivered)
Armour
 b - a +0 scale mail (worn)
 c - a +0 buckler (worn)
Jewellery
 f - an amulet of guardian spirit
 n - a ring of protection from cold
Scrolls
 g - a scroll of fear {unknown}
 h - a scroll of noise {unknown}
 k - a scroll of vulnerability {unknown}
 l - a scroll of identify {unknown}
 m - 3 scrolls of immolation {unknown}
 o - a scroll of teleportation {unknown}
 s - a scroll of blinking {unknown}
 v - a scroll of magic mapping {unknown}
 w - a scroll of poison {unknown}
Potions
 d - a potion of might
 e - a potion of attraction {unknown}
 i - a potion of curing {unknown}
 p - a potion of ambrosia {unknown}
 q - a potion of heal wounds {unknown}
 r - 2 potions of brilliance {unknown}
 t - a potion of mutation {unknown}
 u - a potion of cancellation {unknown}


   Skills:
 - Level 3.0 Fighting
 + Level 3.5 Axes
 - Level 2.6 Armour
 - Level 2.6 Shields


You had 2 spell levels left.
You didn't know any spells.
Your spell library was empty.

Dungeon Overview and Level Annotations

Branches:
Dungeon (2/15)

Altars:

Shops:
D:2 (


Innate Abilities, Weirdness & Mutations

You are mostly covered in sharp spines.


Message History

The black bear is moderately wounded.
The black bear barely misses you. The black bear claws you.
The black bear claws you but does no damage.
The black bear completely misses you. You block the black bear's attack.
The black bear claws you.
You slash the black bear!
The black bear is severely wounded.
The black bear barely misses you. The black bear claws you.
The black bear claws you but does no damage.
You hit the black bear but do no damage.
The black bear is severely wounded.
The black bear barely misses you. The black bear closely misses you.
The black bear claws you but does no damage.
You barely miss the black bear.
The black bear is severely wounded.
You block the black bear's attack. The black bear misses you.
The black bear claws you but does no damage.
You block the black bear's attack. The black bear claws you.
The black bear claws you but does no damage.
You completely miss the black bear.
The black bear is severely wounded.
You block the black bear's attack. x2; The black bear barely misses you.
You barely miss the black bear.
The black bear is severely wounded.
The black bear is struck by your spines.
The black bear bites you.
The black bear claws you but does no damage. x2
The black bear is struck by your spines.
The black bear misses you. x2; The black bear claws you.
* * * LOW HITPOINT WARNING * * *
You barely miss the black bear.
The black bear is almost dead.
The black bear goes berserk!
You barely miss the black bear.
The black bear is severely wounded.
The black bear is struck by your spines.
The black bear barely misses you. The black bear claws you.
* * * LOW HITPOINT WARNING * * *
The black bear barely misses you. The black bear bites you!
You die...

######## #......#
#......# ######
#......#######....####
#......##..@h.........
##......##.####....####
#.......##.# .....#
#......†##'##.....?#
#...###)....#......#
#...+.(.>...#......#
#...###.....#...####
#...# #.....#...# ##'##
#.....# ..


You could see a black bear (berserk).

Vanquished Creatures
  2 dart slugs (D:1)
  3 endoplasms (D:1)
  2 giant cockroaches (D:1)
  3 goblins
  3 hobgoblins (D:1)
  3 jackals (D:1)
  2 quokkas (D:1)
  4 ball pythons
  3 bats (D:1)
  3 frilled lizards (D:1)
  5 kobolds (D:1)
  3 rats
36 creatures vanquished.

Notes
Turn   | Place    | Note
-------+----------+-------------------------------------------
     0 | D:1      | Airmonger the Demonspawn Fighter began the quest for the
                  | Orb.
     0 | D:1      | Reached XP level 1. HP: 18/18 MP: 1/1
    32 | D:1      | Found a faded altar of an unknown god.
   148 | D:1      | Gained mutation: You are partially covered in sharp spines.
                  | [demonic ancestry]
   148 | D:1      | Reached XP level 2. HP: 23/24 MP: 2/2
   431 | D:1      | Gained mutation: You are mostly covered in sharp spines.
                  | [demonic ancestry]
   431 | D:1      | Reached XP level 3. HP: 29/29 MP: 3/3
   972 | D:2      | Found Ikame's Weapon Shop.
   979 | D:2      | Noticed a black bear
   997 | D:2      | Slain by a black bear

Illustrated notes

Levels and vault maps discovered:
D:1:      erik_arrival_triangle_small, layout_basic,
          shapermc_ecumenical_altar_notcrosses, grunt_decor_resistance
D:2:      layout_basic, serial_shops, shop

Skill      XL: |  1  2 |
---------------+-------+-----
Axes           | 2 3 |  3.5
Fighting       | |  3.0
Armour         | |  2.6
Shields        | |  2.6

Action                     || total
---------------------------++-------
  Melee: War axe           ||    93
 Armour: Scale mail        ||    45
  Dodge: Dodged            ||    55
  Block: Buckler           ||    27

Table legend: (Time is in decaauts)
 A = Elapsed time spent in this place.
 B = Non-inter-level travel time spent in this place.
 C = Inter-level travel time spent in this place.
 D = Time resting spent in this place.
 E = Time spent auto-exploring this place.
 F = Levels seen in this place.
 G = Mean time per level.
                   A        B        C        D        E       F      G
               +--------+--------+--------+--------+--------+-----+--------+
         Total |   1033 |   1001 |     32 |      0 |    762 |   2 |  516.5 |
       Dungeon |   1033 |   1001 |     32 |      0 |    762 |   2 |  516.5 |
               +--------+--------+--------+--------+--------+-----+--------+

Top non-repeatable levels by time:
     D:1: 905 daAuts
     D:2: 128 daAuts
